 Dungeon Crawl Stone Soup version 0.22-a0-126-g307c7c3 (webtiles) character file.

696 KristoblXynda the Insei (level 7, -4/35 HPs)
             Began as a Vine Stalker Monk on Jan 30, 2018.
             Was a Believer of Wu Jian.
             Slain by a sky beast (6 damage)
             ... on level 5 of the Dungeon.
             The game lasted 00:05:37 (3842 turns).

KristoblXynda the Insei (Vine Stalker Monk)         Turns: 3842, Time: 00:05:38

Health: -4/35      AC:  5    Str: 14    XL:     7   Next: 64%
Magic:  0/8        EV: 12    Int: 11    God:    Wu Jian [**....]
Gold:   136        SH:  5    Dex: 17    Spells: 6/6 levels left

rFire    . . .     SeeInvis .     - Unarmed
rCold    . . .     Gourm    +   j - +0 buckler
rNeg     . . .     Faith    .   q - +0 ring mail
rPois    .         Spirit   +   (no helmet)
rElec    .         Reflect  .   (no cloak)
rCorr    .         Harm     .   (no gloves)
MR       .....                  (no boots)
Stlth    ++........             r - amulet of the gourmand
HPRegen  0.51/turn              p - ring of wizardry
MPRegen  0.11/turn              (no ring)

@: no status effects
A: fangs 2, regeneration 1, magic shield, antimagic bite, no potion heal 3, rot
immunity
a: Wall Jump, Renounce Religion


You were on level 5 of the Dungeon.
You worshipped Wu Jian.
Wu Jian was pleased with you.
You were hungry.

You visited 2 branches of the dungeon, and saw 6 of its levels.

You collected 136 gold pieces.

Inventory:

Armour
 j - a +0 buckler (worn)
 q - a +0 ring mail (worn)
Jewellery
 p - a ring of wizardry (left hand)
 r - an amulet of the gourmand (around neck)
Scrolls
 f - 3 scrolls of remove curse
 k - 2 scrolls of amnesia {unknown}
 n - 2 scrolls of blinking {unknown}
Potions
 c - a potion of might
 d - a potion of lignification {unknown}
 g - 2 potions of agility
 h - 2 potions of haste
 i - 2 potions of curing
 l - a potion of mutation {unknown}
 m - a potion of degeneration {unknown}
 o - a potion of invisibility {unknown}
 s - a potion of cancellation {unknown}
Comestibles
 b - 12 rations


   Skills:
 - Level 2.6 Fighting
 + Level 0.5 Armour
 + Level 4.1 Dodging
 - Level 2.4 Stealth
 - Level 3.0 Shields
 * Level 6.6 Unarmed Combat


You had 6 spell levels left.
You didn't know any spells.

Dungeon Overview and Level Annotations

Branches:
Dungeon (5/15)             Temple (1/1) D:4

Altars:
Ashenzari
Cheibriados
Dithmenos
Gozag
Kikubaaqudgha
Makhleb
Sif Muna
Trog
Vehumet
Wu Jian
Xom
Zin
The Shining One


Innate Abilities, Weirdness & Mutations

You have extremely sharp teeth.
Your natural rate of healing is unusually fast.
When hurt, damage is shared between your health and your magic reserves.
Your bite disrupts and absorbs the magic of your enemies.
Potions cannot restore your health.
You are immune to rotting.


Message History

* * * LOW HITPOINT WARNING * * *
You miss something. Something hits you.
* * * LOW HITPOINT WARNING * * *
Something shocks you.
* * * LOW HITPOINT WARNING * * *
You miss something. Your bite misses something.
Something hits you but does no damage.
You miss something. Your bite misses something. You closely miss something.
You bite something. Something hits you but does no damage.
You barely miss something. Something hits you.
* * * LOW HITPOINT WARNING * * *
Something shocks you.
* * * LOW HITPOINT WARNING * * *
You closely miss something. Your bite misses something.
You are feeling hungry.
A sky beast appears from thin air!
Reactivating autopickup.
The sky beast hits you. The sky beast shocks you.
You die...

#......####.#
(....##.#...##.#
...# #.###..#.#
....###.# ##.#.#
...#.# #...##
##...######..##
..###......[#
#...#
#..........#
##<.# #..Y@...#
#..# #.†.....#
#..# #.......#
##.# #....[..#
.. ######### ###


You could see a sky beast.

Vanquished Creatures
  The ghost of wintastic the Slinger, a novice HaHu (D:4)
  Sigmund (D:3)
  A centaur (D:5)
  A hound (D:4)
  Jessica (D:2)
  An iguana (D:4)
  A worker ant (D:4)
  An adder (D:4)
  An adder skeleton (D:4)
  2 dart slugs
  4 worms
  3 leopard geckos
  4 orcs (D:4)
  6 bats
  2 giant cockroaches
  5 goblins
  3 hobgoblins
  12 jackals
  6 frilled lizards
  10 kobolds
  6 rats
72 creatures vanquished.

Notes
Turn   | Place    | Note
-------+----------+-------------------------------------------
     0 | D:1      | KristoblXynda the Vine Stalker Monk began the quest for the Orb.
     0 | D:1      | Reached XP level 1. HP: 11/11 MP: 2/2
   128 | D:1      | Reached XP level 2. HP: 2/16 MP: 0/3
  1096 | D:1      | Reached XP level 3. HP: 18/19 MP: 2/4
  1282 | D:2      | Found a shimmering altar of Xom.
  1282 | D:2      | Found a glowing golden altar of the Shining One.
  1437 | D:2      | Noticed Jessica
  1448 | D:2      | Killed Jessica
  1448 | D:2      | Reached skill level 4 in Unarmed Combat
  1628 | D:2      | Gained mutation: Your natural rate of healing is unusually fast. [Vine Stalker growth]
  1628 | D:2      | Reached XP level 4. HP: 22/23 MP: 5/5
  2042 | D:3      | Reached skill level 1 in Shields
  2164 | D:3      | Found a shadowy altar of Dithmenos.
  2295 | D:3      | Noticed Sigmund
  2303 | D:3      | Killed Sigmund
  2303 | D:3      | Reached skill level 5 in Unarmed Combat
  2303 | D:3      | Reached XP level 5. HP: 18/27 MP: 4/6
  2303 | D:3      | Reached XP level 6. HP: 21/32 MP: 4/7
  2876 | D:4      | Found a staircase to the Ecumenical Temple.
  3063 | Temple   | Entered the Ecumenical Temple
  3129 | Temple   | Became a worshipper of the Wu Jian Council
  3129 | Temple   | Reached * piety under Wu Jian
  3129 | Temple   | Reached ** piety under Wu Jian
  3144 | D:4      | Noticed wintastic's ghost (novice HaHu)
  3189 | D:4      | Killed wintastic's ghost
  3189 | D:4      | Reached skill level 6 in Unarmed Combat
  3189 | D:4      | Reached XP level 7. HP: 15/35 MP: 5/8
  3789 | D:5      | Entered Level 5 of the Dungeon
  3842 | D:5      | Slain by a sky beast

Vault maps used:
D:1:      co_arrival_random_square_maze
D:2:      gammafunk_temple_overflow_statue, uniq_jessica
D:3:      minmay_misc_feat_hallway, grunt_dithmenos_smoke_and_mirrors,
          uniq_sigmund
D:4:      minmay_temple_entry_purple_smoke, first_ration, item_on_display_a
D:5:      nemelex_altar_shiori, lemuel_flamethrower_2
Temple:   eino_wide_crystal_templ

Skill      XL: |  1  2  3  4  5  6  7 |
---------------+----------------------+-----
Unarmed Combat | 4 5 6 |  6.6
Shields        | 2 3 |  3.0
Dodging        | 3 4 |  4.1
Fighting       | |  2.6
Armour         | |  0.5
Stealth        | |  2.4

Action                   |  1- 3 |  4- 6 |  7- 9 || total
-------------------------+-------+-------+-------++-------
Melee: Unarmed           |    73 |   135 |    62 ||   270
       Bite              |    10 |    32 |    17 ||    59
Invok: Whirlwind         |       |       |     6 ||     6
       Lunge             |       |       |     5 ||     5
       Wall Jump         |       |       |     3 ||     3
  Use: Potion            |       |     1 |       ||     1
       Scroll            |       |       |     5 ||     5
 Stab: Sleeping          |     5 |     4 |       ||     9
       Distracted        |     1 |       |       ||     1
  Eat: Chunk             |     2 |     5 |     4 ||    11
Armor: Robe              |     3 |    15 |       ||    18
       Ring mail         |       |       |     6 ||     6
Dodge: Dodged            |    35 |    60 |    20 ||   115
Block: Buckler           |       |    24 |     9 ||    33

Table legend:
 A = Spawn XP
 B = Non-spawn XP
 C = Spawn XP percentage of total XP
 D = Spawn monster count
 E = Non-spawn monster count
 F = Spawn count percentage of total count
 G = Total turns spent on level
                    A         B        C        D         E        F      G
               +---------+---------+-------+---------+---------+-------+---------
         Total |       0 |     995 |   0.0 |       0 |      72 |   0.0 |  3842
               +---------+---------+-------+---------+---------+-------+---------
           D:1 |       0 |      34 |   0.0 |       0 |      19 |   0.0 |  1159
           D:2 |       0 |      48 |   0.0 |       0 |       6 |   0.0 |   635
           D:3 |       0 |     288 |   0.0 |       0 |      29 |   0.0 |   998
           D:4 |       0 |     507 |   0.0 |       0 |      15 |   0.0 |   924
           D:5 |       0 |     118 |   0.0 |       0 |       3 |   0.0 |    53
               +---------+---------+-------+---------+---------+-------+---------
